 Dungeon Crawl Stone Soup version 0.23.0-38-g208d714 (webtiles) character file.

Game seed: 11298057958222866051

88 Borgoz the Skirmisher (level 4, 0/38 HPs)
             Began as a Ghoul Warper on Feb 27, 2019.
             Slain by a river rat (1 damage)
             ... on level 3 of the Dungeon.
             The game lasted 00:04:37 (1400 turns).

Borgoz the Skirmisher (Ghoul Warper)                Turns: 1400, Time: 00:04:38

Health: 0/38       AC:  3    Str: 14    XL:     4   Next: 54%
Magic:  6/6        EV: 12    Int:  8    God:
Gold:   152        SH:  0    Dex:  9    Spells: 7/7 levels left

rFire    . . .     SeeInvis .     - Unarmed
rCold    + + .     Gourm    .   (no shield)
rNeg     + + +     Faith    .   a - +0 leather armour
rPois    ∞         Spirit   .   (no helmet)
rElec    .         Reflect  .   (no cloak)
rCorr    .         Harm     .   (no gloves)
MR       .....                  (no boots)
Stlth    +.........             (no amulet)
HPRegen  0.00/turn              g - ring of protection from cold
MPRegen  0.10/turn              (no ring)

@: rotting, hasted, slow
A: rotting body, claws 1, carnivore, cold resistance 1, negative energy
resistance 3, inhibited regeneration, torment resistance, unbreathing
a: no special abilities


You were on level 3 of the Dungeon.
You were not hungry.

You visited 1 branch of the dungeon, and saw 3 of its levels.

You collected 152 gold pieces.

Inventory:

Missiles
 d - 5 tomahawks of dispersal (quivered)
Armour
 a - a +0 leather armour (worn)
 k - a cursed +0 helmet
Jewellery
 g - a ring of protection from cold (left claw)
Scrolls
 b - a scroll of identify
 c - a scroll of blinking
 e - 2 scrolls of enchant armour
 i - a scroll of fog
 j - a scroll of remove curse
 m - a scroll of immolation {unknown}
Potions
 l - a potion of ambrosia {unknown}
Comestibles
 f - 5 rations


   Skills:
 + Level 3.0 Fighting
 - Level 0.8 Throwing
 + Level 1.7 Armour
 + Level 2.3 Dodging
 + Level 3.0 Unarmed Combat
 + Level 2.3 Spellcasting
   Level 2.6 Translocations


You had 7 spell levels left.
You didn't know any spells.
Your spell library contained the following spells:

 Spells                   Type           Power        Failure   Level  Hunger
 Blink                    Tloc           N/A          22%         2    ###....
 Shroud of Golubria       Chrm/Tloc      #.........   36%         2    ###....
 Gell's Gravitas          Tloc           #.........   38%         3    ####...
 Lesser Beckoning         Tloc           #.........   38%         3    ####...
 Teleport Other           Tloc           #.......     38%         3    ####...
 Passage of Golubria      Tloc           N/A          80%         4    #####..


Dungeon Overview and Level Annotations

Branches:
Dungeon (3/15)

Altars:

Annotations:
D:2 Sigmund
D:3 3 runed translucent doors, theswoord's ghost, amateur BaSk


Innate Abilities, Weirdness & Mutations

Your body is rotting away.
You thrive on raw meat.
You are immune to poison.
You have sharp fingernails.
You are carnivorous and can eat meat at any time.
Your flesh is cold resistant. (rC+)
You are immune to negative energy. (rN+++)
You do not regenerate when monsters are visible.
You are immune to unholy pain and torment.
You can survive without breathing.


Message History

You closely miss the river rat.
The river rat is heavily wounded.
The river rat bites you but does no damage.
You barely miss the river rat.
The river rat is heavily wounded.
Your unstable footing causes you to fumble your attack.
The river rat barely misses you.
You barely miss the river rat.
The river rat is heavily wounded.
The river rat barely misses you.
Your unstable footing causes you to fumble your attack.
The river rat bites you.
* * * LOW HITPOINT WARNING * * *
You scratch the river rat but do no damage.
The river rat is heavily wounded.
The river rat barely misses you.
It was a potion of haste.
You feel yourself speed up. The river rat bites you!
* * * LOW HITPOINT WARNING * * *
The river rat bites you.
You die...

.##.............##.#.###...######
.##......#......÷...............#
.##....(####..####...............
.##....##≈≈####≈≈##.....#####...#
.##....#≈≈≈≈≈≈≈≈≈≈##..###...###.)
.########≈≈####≈≈###.##.......###
...)...# ##≈# #.#...###....#
..####.# #r# #.#..# #....
..####.# #@# #.#..# . ##...
.....#.##### ##≈###.##W#... #...
#.##.#.##≈≈####≈≈##...#ZZ.=. #...
#.##....÷≈≈≈≈≈≈≈≈≈#...#5....##..!
#......##≈≈####≈≈##..##ZZ...#....
############ #####..# ...[##....
#.###..# .###....# ##.....##
......## ##.##..# ....###.


You could see a river rat.

Vanquished Creatures
  Robin (D:1)
  2 adders (D:2)
  An ooze (D:1)
  2 worms (D:3)
  3 leopard geckos
  2 orcs (D:3)
  4 giant cockroaches
  17 goblins
  3 hobgoblins
  2 bats
  2 frilled lizards
  2 kobolds
  A rat (D:1)
42 creatures vanquished.

Notes
Turn   | Place    | Note
-------+----------+-------------------------------------------
     0 | D:1      | Borgoz the Ghoul Warper began the quest for the Orb.
     0 | D:1      | Reached XP level 1. HP: 17/17 MP: 2/2
    98 | D:1      | Reached skill level 1 in Armour
   193 | D:1      | Reached XP level 2. HP: 20/24 MP: 3/3
   650 | D:2      | Noticed Robin
   781 | D:1      | Reached XP level 3. HP: 21/30 MP: 5/5
   841 | D:1      | Killed Robin
   982 | D:2      | Reached XP level 4. HP: 29/37 MP: 6/6
  1076 | D:2      | Noticed Sigmund
  1131 | D:3      | Found a runed translucent gate.
  1131 | D:3      | Found a runed translucent gate.
  1131 | D:3      | Found a runed translucent gate.
  1258 | D:3      | Noticed theswoord's ghost (amateur BaSk)
  1396 | D:3      | HP: 1/38 [river rat (9)]
  1400 | D:3      | Slain by a river rat

Skill      XL: |  1  2  3  4 |
---------------+-------------+-----
Armour         | 1 |  1.7
Dodging        | 2 |  2.3
Spellcasting   | 2 |  2.3
Fighting       | 3 |  3.0
Unarmed Combat | 3 |  3.0
Throwing       | |  0.8
Translocations | |  2.6

Action                   |  1- 3 |  4- 6 || total
-------------------------+-------+-------++-------
Melee: Unarmed           |    97 |    66 ||   163
  Use: Potion            |     1 |     1 ||     2
       Scroll            |       |     3 ||     3
  Eat: Chunk             |    10 |     7 ||    17
Armor: Leather armour    |    27 |    10 ||    37
Dodge: Dodged            |    68 |    25 ||    93
